[Event "Team 45 45 League T51"]
[Site "Internet Chess Club"]
[Date "2011.12.15"]
[Round "6"]
[White "Juan73"]
[Black "drsigmund1"]
[Result "1-0"]
[WhiteElo "1751"]
[BlackElo "1392"]
[Opening "Three knights: Steinitz variation"]
[ECO "C46"]
[Time "20:00:32"]
[TimeControl "2700+45"]

1. e4 e5 2. Nf3 Nc6 3. Nc3 g6 4. d4 exd4 5. Nxd4 Nge7 6. Bg5 Bg7 7. Be3 O-O 8.
h4 d5 9. Nxc6 bxc6 10. Bd4 dxe4 11. Bxg7 Kxg7 12. Qxd8 Rxd8 13. Nxe4 Bf5 14. Bd3
Nd5 15. g3 Nb4 16. Ke2 Re8 17. f3 Rad8 18. a3 Nxd3 19. cxd3 Bc8 20. Kd2 f5 21.
Nc5 Rd5 22. b4 Rde5 23. Rh2 Re3 24. Rf2 h6 25. Rc1 g5 26. hxg5 hxg5 27. a4 g4
28. fxg4 fxg4 29. Ne4 Rf3 30. Rxc6 Re7 31. Rxf3 gxf3 32. Rc1 Bg4 33. Ke3 Rf7 34.
Rc5 Kh6 35. Ra5 c6 36. Rc5 f2 37. Nxf2 Rf3+ 38. Ke2 Rxg3+ 39. Nxg4+ Rxg4 40.
Rxc6+ Kh5 41. Rc5+ Kh6 42. Rc4 Rg6 43. Ke3 Ra6 44. b5 Re6+ 45. Re4 Rg6 46. Kd4
Rd6+ 47. Kc4 a6 48. bxa6 Rxa6 49. Kb5 Rd6 50. d4 Rd5+ 51. Kb6 Rd6+ 52. Kc5 Ra6
53. d5 Ra5+ 54. Kc6 Ra6+ 55. Kb7 {Black resigns} 1-0

[Event "Team 45 45 League T51"]
[Site "Internet Chess Club"]
[Date "2011.12.16"]
[Round "6"]
[White "sdcohle"]
[Black "Andressa"]
[Result "1-0"]
[WhiteElo "1405"]
[BlackElo "1407"]
[Opening "QGD"]
[ECO "D30"]
[Time "09:33:37"]
[TimeControl "2700+45"]

1. d4 d5 2. c4 e6 3. Nf3 Nf6 4. Bg5 Nbd7 5. e3 h6 6. Bxf6 Nxf6 7. Bd3 c5 8. O-O
Be7 9. Nbd2 Qb6 10. b3 Bd7 11. cxd5 Nxd5 12. dxc5 Bxc5 13. a3 Bxe3 14. Nc4 Qc5
15. Nxe3 Nxe3 16. fxe3 Qxe3+ 17. Kh1 Bc6 18. Ra2 Rd8 19. Rd2 O-O 20. Bh7+ Kxh7
21. Rxd8 Rxd8 22. Qxd8 Bb5 23. Re1 Qf2 24. Qd2 Qb6 25. Qc2+ Kg8 26. Rd1 g6 27.
Qd2 Kg7 28. Qd4+ Qxd4 29. Rxd4 Bc6 30. Ne5 Bd5 31. b4 Kf6 32. Nf3 b5 33. Rd2 Ke7
34. Ne5 Kf6 35. Nd3 Ke7 36. Kg1 f5 37. Nf4 Kd6 38. Nxg6 e5 39. Nh4 Ke6 40. Nf3
e4 41. Nd4+ Ke5 42. Nxf5 Bc4 43. Ne3 a6 44. Kf2 Be6 45. Rc2 Kd4 46. Rc6 {Black
resigns} 1-0

[Event "Team 45 45 League T51"]
[Site "Internet Chess Club"]
[Date "2011.12.18"]
[Round "6"]
[White "Juan73"]
[Black "Berke"]
[Result "1-0"]
[WhiteElo "1739"]
[BlackElo "1460"]
[Opening "Alekhine's defense"]
[ECO "B02"]
[Time "18:08:13"]
[TimeControl "2700+45"]

1. e4 Nf6 2. Nc3 Nc6 3. Nf3 d6 4. d4 Bg4 5. Bb5 a6 6. Bxc6+ bxc6 7. Bg5 Qb8 8.
Bd2 Nd7 9. h3 Bxf3 10. Qxf3 e5 11. d5 c5 12. Rb1 Be7 13. a3 Qd8 14. O-O O-O 15.
b4 f5 16. Qe2 f4 17. Na4 cxb4 18. axb4 Qe8 19. c4 Qg6 20. f3 Nf6 21. Rfc1 Qe8
22. Ra1 Qd7 23. c5 Rfb8 24. c6 Qc8 25. Nc3 Rxb4 26. Ra5 Rb2 27. Rca1 Qb8 28.
Rxa6 Rxa6 29. Rxa6 Qb4 30. Ra2 Qd4+ 31. Qf2 Rxa2 32. Nxa2 Qxf2+ 33. Kxf2 g5 34.
Nb4 Kf7 35. Na6 Bd8 36. Ke2 Ke7 37. Kd3 h5 38. Ba5 Ne8 39. Kc4 h4 40. Kb5 Kf7
41. Nb4 Bf6 42. Ka6 Ke7 43. Kb7 Kd8 44. Na6 Be7 {Black resigns} 1-0

[Event "Team 45 45 League T51"]
[Site "Internet Chess Club"]
[Date "2011.12.19"]
[Round "6"]
[White "otib2006"]
[Black "Andressa"]
[Result "0-1"]
[WhiteElo "1223"]
[BlackElo "1416"]
[Opening "Vienna game"]
[ECO "C26"]
[Time "09:13:38"]
[TimeControl "2700+45"]

1. e4 e5 2. Bc4 Nf6 3. Nc3 d6 4. Nf3 Bg4 5. O-O Be7 6. h3 Be6 7. Bxe6 fxe6 8. d3
O-O 9. Bg5 Nbd7 10. Bxf6 Nxf6 11. Ng5 Qd7 12. Ne2 h6 13. Nf3 c5 14. Nh4 d5 15.
Ng6 Rfe8 16. Nxe5 Qd6 17. Ng6 dxe4 18. Nxe7+ Rxe7 19. Nc3 exd3 20. Qxd3 Qxd3 21.
cxd3 a6 22. Ne4 Nxe4 23. dxe4 Rd8 24. Rfd1 Red7 25. Rxd7 Rxd7 26. f3 Rd2 27. Rb1
b5 28. g4 g5 29. h4 gxh4 30. f4 h3 31. f5 exf5 32. gxf5 Kf7 33. a3 h5 34. b3 h2+
35. Kh1 h4 36. Rc1 Re2 37. Rxc5 Rxe4 38. Kxh2 Re3 39. Rc7+ Kf6 40. Rc6+ Kxf5 41.
Rxa6 Rxb3 42. Ra5 Kg4 43. Kg2 h3+ 44. Kg1 Kg3 45. Ra8 Rb1# {White checkmated}
0-1

[Event "Team 45 45 League T51"]
[Site "Internet Chess Club"]
[Date "2011.12.17"]
[Round "6"]
[White "PANAMA-REY"]
[Black "Elalfer"]
[Result "1-0"]
[WhiteElo "1419"]
[BlackElo "1310"]
[Opening "Sicilian: closed, 2...Nc6"]
[ECO "B23"]
[Time "11:00:33"]
[TimeControl "2700+45"]

1. e4 c5 2. Nc3 Nc6 3. Bb5 e6 4. Bxc6 bxc6 5. Nge2 Nf6 6. e5 Nd5 7. Ne4 Be7 8.
Nd6+ Bxd6 9. exd6 Ba6 10. d3 Qb8 11. c4 Nf6 12. Bg5 Qxd6 13. Bxf6 gxf6 14. O-O
Rg8 15. Ng3 f5 16. f4 Qd4+ 17. Kh1 Qxb2 18. Re1 d5 19. Re2 Qd4 20. Nxf5 Qxf4 21.
Ng3 Kd7 22. Qc2 Qf6 23. Rf1 Qe7 24. cxd5 cxd5 25. Qa4+ {Black resigns} 1-0

[Event "Team 45 45 League T51"]
[Site "Internet Chess Club"]
[Date "2011.12.20"]
[Round "6"]
[White "tamky70"]
[Black "Docvan"]
[Result "1/2-1/2"]
[WhiteElo "1368"]
[BlackElo "1226"]
[Opening "French: Tarrasch, closed variation"]
[ECO "C05"]
[Time "20:00:25"]
[TimeControl "2700+45"]

1. e4 e6 2. d4 d5 3. Nd2 Nf6 4. e5 Nfd7 5. c3 c5 6. Ngf3 Nc6 7. Bb5 Qb6 8. Bxc6
bxc6 9. O-O Ba6 10. Re1 Be7 11. Nf1 O-O 12. Ng3 Rfe8 13. Nh5 f6 14. Qb3 Qxb3 15.
axb3 Bd3 16. Nf4 Be4 17. Nd2 Bf5 18. Nf3 Bg4 19. Nxe6 Bxe6 20. exf6 Bxf6 21. Bg5
cxd4 22. Bxf6 Nxf6 23. Nxd4 Bd7 24. Kf1 Ne4 25. b4 Nd2+ 26. Kg1 Nc4 27. b3 Nd2
28. Red1 Ne4 29. Rac1 Rf8 30. f3 Nf6 31. Ra1 Rfb8 32. g4 Ne8 33. Nf5 Bxf5 34.
gxf5 Nf6 35. Kf2 Rf8 36. Ra6 Rfc8 37. Re1 Rc7 38. Re6 Re8 39. Rexc6 Rxc6 40.
Rxc6 Re5 41. Rc8+ Kf7 42. Rc7+ Ke8 43. Rxa7 Rxf5 44. Rxg7 Rh5 45. Kg3 Kf8 46.
Ra7 Rg5+ 47. Kf2 h5 48. Ra5 Rf5 49. Ra8+ Kg7 50. Ra7+ Kg6 51. Ra6 Kg5 52. b5
Ne4+ 53. Ke3 Nxc3 54. b6 Re5+ 55. Kd4 Re1 56. Kxc3 Rc1+ 57. Kb4 Rc8 58. b7 Rb8
59. Kc5 Rxb7 60. Rb6 Rf7 61. Rd6 Kh4 62. Rxd5 Rxf3 63. b4 Rc3+ 64. Kb5 Rc2 65.
Kb6 Rxh2 66. b5 Rb2 67. Kb7 Kg4 68. b6 h4 69. Kc7 Rc2+ 70. Kb8 Rb2 71. b7 h3 72.
Rd6 h2 73. Rd1 Kf3 74. Rc1 Kg2 75. Kc7 h1=Q 76. Rxh1 Kxh1 77. b8=Q Rxb8 78. Kxb8
{Game drawn because neither player has mating material} 1/2-1/2

[Event "Team 45 45 League T51"]
[Site "Internet Chess Club"]
[Date "2011.12.17"]
[Round "6"]
[White "spongenotbob"]
[Black "OOB1"]
[Result "0-1"]
[WhiteElo "1608"]
[BlackElo "1493"]
[Opening "QGD: 4.Bg5 Be7"]
[ECO "D53"]
[Time "20:05:19"]
[TimeControl "2700+45"]

1. d4 d5 2. c4 e6 3. Nc3 Nf6 4. Bg5 Be7 5. e3 a6 6. Nf3 h6 7. Bh4 O-O 8. Bd3
dxc4 9. Bxc4 b5 10. Bb3 Bb7 11. Bc2 Nbd7 12. e4 b4 13. Bxf6 Bxf6 14. Qd3 e5 15.
Ne2 c5 16. d5 Rc8 17. O-O c4 18. Qd2 a5 19. Ng3 Ba6 20. Nf5 c3 21. bxc3 Bxf1 22.
Rxf1 Rxc3 23. Bb3 Nc5 24. Bd1 Nxe4 25. Qe2 Qxd5 26. Bb3 Qc6 27. Nxe5 Qb7 28. Ng4
Rc5 29. Qf3 Qc6 30. Nxf6+ Qxf6 31. Qxe4 Qxf5 32. Qxf5 Rxf5 33. Rd1 g5 34. h3 Kg7
35. g4 Re5 36. Kg2 Rfe8 37. Rd7 R8e7 38. Rd6 Ra7 39. Ba4 Re2 40. Bb3 a4 41. Bc4
Rb2 42. Kf3 b3 43. axb3 a3 44. Rd1 a2 {White resigns} 0-1

[Event "Team 45 45 League T51"]
[Site "Internet Chess Club"]
[Date "2011.12.17"]
[Round "6"]
[White "Visin"]
[Black "medsurg"]
[Result "0-1"]
[WhiteElo "1261"]
[BlackElo "1379"]
[Opening "Petrov's defense"]
[ECO "C42"]
[Time "15:00:32"]
[TimeControl "2700+45"]

1. e4 e5 2. Nf3 Nf6 3. d3 d6 4. Nc3 Bg4 5. Be2 Nc6 6. Be3 Be7 7. h3 Be6 8. d4
exd4 9. Nxd4 Nxd4 10. Qxd4 O-O 11. O-O a6 12. Qd2 c6 13. a3 Qc7 14. Rad1 Rad8
15. Qe1 d5 16. Bf3 dxe4 17. Nxe4 Bc4 18. Nxf6+ Bxf6 19. Be2 Bxe2 20. Qxe2 Bxb2
21. Rb1 Bd4 22. Qd3 Bxe3 23. Qxe3 Rfe8 24. Qb6 Qxb6 25. Rxb6 Re7 26. Rfb1 Rdd7
27. Kf1 Kf8 28. a4 Ke8 29. R6b3 Kd8 30. Re1 Kc8 31. a5 Rxe1+ 32. Kxe1 Rd5 33.
Ra3 Kc7 34. Ke2 b6 35. axb6+ Kxb6 36. Ke3 Ra5 37. Rb3+ Rb5 38. Rc3 a5 39. Kd2 a4
40. Ra3 Ka5 41. c3 c5 42. Kd3 Rb3 43. Ra2 Kb5 44. Kc2 c4 45. g4 a3 46. f4 Kc5
47. Kd2 Kd5 48. Ra1 Ke4 49. f5 Rb2+ 50. Kc1 Rb3 51. Kc2 Rb2+ 52. Kc1 Kd3 53.
Rxa3 Rc2+ 54. Kd1 Rh2 55. Ke1 Rxh3 56. Kf2 g6 57. Ra7 gxf5 58. gxf5 f6 59. Rf7
Rh6 60. Rc7 Kxc3 61. Ke3 Rh3+ 62. Kf4 Rh4+ 63. Kf3 h5 64. Rc6 Kd4 65. Rxf6 Ke5
66. Rf8 Rf4+ 67. Kg3 Rxf5 68. Rc8 Kd4 69. Rd8+ Rd5 70. Rc8 c3 71. Ra8 Kd3 72.
Ra3 Kd2 73. Ra1 c2 74. Rd1+ {White resigns} 0-1

[Event "Team 45 45 League T51"]
[Site "Internet Chess Club"]
[Date "2011.12.18"]
[Round "6"]
[White "tworivers"]
[Black "reverendjim"]
[Result "1-0"]
[WhiteElo "1455"]
[BlackElo "1417"]
[Opening "Queen's pawn, Mason variation"]
[ECO "D00"]
[Time "15:02:44"]
[TimeControl "2700+45"]

1. d4 d5 2. Bf4 Nf6 3. e3 c6 4. h3 Qb6 5. Qc1 c5 6. c3 cxd4 7. exd4 a5 8. a4 e6
9. Na3 Bxa3 10. Rxa3 O-O 11. Nf3 Nbd7 12. Bb5 Qd8 13. g4 Nb6 14. Ne5 Bd7 15.
Nxd7 Nfxd7 16. Qb1 Qf6 17. Qc1 e5 18. dxe5 Nxe5 19. Bxe5 Qxe5+ 20. Qe3 Qxe3+ 21.
fxe3 Nc4 22. Bxc4 dxc4 23. Ke2 f5 24. g5 g6 25. Raa1 Rad8 26. Rad1 Kf7 27. Rd4
Rfe8 28. Rhd1 Rc8 29. Rd7+ Re7 30. Kf3 Ke6 31. Rxe7+ Kxe7 32. Rd5 b6 33. Kf4 Rc6
34. e4 fxe4 35. Kxe4 Rc8 36. Rb5 Rc6 37. Rd5 Rc8 38. Rb5 Rc6 39. Rd5 Rc8 40. Rb5
Rc6 41. Rd5 Rc5 42. Rxc5 bxc5 43. Ke5 {Black resigns} 1-0

[Event "Team 45 45 League T51"]
[Site "Internet Chess Club"]
[Date "2011.12.18"]
[Round "6"]
[White "katabatico"]
[Black "mattphelps"]
[Result "0-1"]
[WhiteElo "1371"]
[BlackElo "1344"]
[Opening "Caro-Kann: advance variation"]
[ECO "B12"]
[Time "12:30:39"]
[TimeControl "2700+45"]

1. e4 c6 2. d4 d5 3. e5 Bf5 4. Bg5 h6 5. Bf4 e6 6. Bd3 Ne7 7. Ne2 Bxd3 8. Qxd3
Nf5 9. O-O Nd7 10. Nbc3 Rc8 11. Ng3 Nxg3 12. Qxg3 g5 13. Be3 c5 14. f4 cxd4 15.
Bxd4 Bc5 16. Bxc5 Nxc5 17. Kh1 a6 18. Qf3 b5 19. fxg5 Qe7 20. Qh5 Qf8 21. g6 Rc7
22. Ne2 Qg7 23. gxf7+ Rxf7 24. Nd4 Rg8 25. g3 Qg6 26. Qxg6 Rxg6 27. b4 Nd7 28.
Nc6 Rg4 29. Rxf7 Kxf7 30. Rf1+ Ke8 31. Rf4 Rg5 32. Rh4 Nxe5 33. Nxe5 Rxe5 34.
Rxh6 Re2 35. a3 Kd7 36. Rh7+ Kd6 37. Ra7 Rxc2 38. Rxa6+ Ke5 39. h4 d4 40. Rb6 d3
41. Rxb5+ Ke4 42. Rb6 d2 43. Rxe6+ Kd5 {White resigns} 0-1

[Event "Team 45 45 League T51"]
[Site "Internet Chess Club"]
[Date "2011.12.16"]
[Round "6"]
[White "Sir-Sinister"]
[Black "UsuallySleepy"]
[Result "1-0"]
[WhiteElo "1882"]
[BlackElo "1934"]
[Opening "French: MacCutcheon, Janowski variation"]
[ECO "C12"]
[Time "22:02:09"]
[TimeControl "2700+45"]

1. e4 e6 2. d4 d5 3. Nc3 Nf6 4. Bg5 Bb4 5. e5 h6 6. Be3 Ne4 7. Qg4 Kf8 8. a3
Bxc3+ 9. bxc3 Nxc3 10. Bd3 Nc6 11. Nh3 f5 12. Qg3 Qe8 13. f3 Bd7 14. a4 Nb4 15.
Bd2 Nxd3+ 16. cxd3 Nxa4 17. Bb4+ Kg8 18. Nf4 g5 19. h4 Qf7 20. hxg5 hxg5 21.
Qxg5+ Qg7 22. Rxh8+ Kxh8 23. Qh4+ Kg8 24. Nh5 {Black resigns} 1-0

[Event "Team 45 45 League T51"]
[Site "Internet Chess Club"]
[Date "2011.12.15"]
[Round "6"]
[White "LAgenieMP"]
[Black "Freitac"]
[Result "1/2-1/2"]
[WhiteElo "1898"]
[BlackElo "1838"]
[Opening "Caro-Kann: exchange variation"]
[ECO "B13"]
[Time "16:04:58"]
[TimeControl "2700+45"]

1. e4 c6 2. d4 d5 3. exd5 cxd5 4. Bd3 Nc6 5. c3 Qc7 6. Nf3 Bg4 7. h3 Bh5 8. Bg5
e6 9. Nbd2 Bd6 10. O-O Nge7 11. a4 h6 12. Bxe7 Nxe7 13. Qc2 Bg6 14. Bxg6 {Game
drawn by mutual agreement} 1/2-1/2

[Event "Team 45 45 League T51"]
[Site "Internet Chess Club"]
[Date "2011.12.18"]
[Round "6"]
[White "Kheeljoi"]
[Black "badmove"]
[Result "1-0"]
[WhiteElo "1821"]
[BlackElo "1719"]
[Opening "Hungarian defense"]
[ECO "C50"]
[Time "16:01:31"]
[TimeControl "2700+45"]

1. e4 e5 2. Nf3 Nc6 3. Bc4 Be7 4. d4 d6 5. dxe5 dxe5 6. Qxd8+ Bxd8 7. Nc3 Bg4 8.
Be3 Nf6 9. O-O-O Nd7 10. h3 Bxf3 11. gxf3 Be7 12. Rhg1 g6 13. Bxf7+ Kxf7 14.
Rxd7 Rac8 15. Nd5 Ke6 16. Rxc7 Rxc7 17. Nxc7+ Kf7 18. Nd5 Bd8 19. a3 Ke6 20. Kd2
b6 21. Ke2 Na5 22. f4 exf4 23. Nxf4+ Ke5 24. f3 Nc4 25. Bc1 Rf8 26. Nd3+ Ke6 27.
b3 Na5 28. Nf4+ Ke5 29. Nd5 Nc6 30. Bb2+ Ke6 31. f4 Nb8 32. Be5 Kd7 {Black
resigns} 1-0

[Event "Team 45 45 League T51"]
[Site "Internet Chess Club"]
[Date "2011.12.18"]
[Round "6"]
[White "Kingofknights"]
[Black "quotha"]
[Result "1/2-1/2"]
[WhiteElo "1694"]
[BlackElo "1722"]
[Opening "QGD: Neo-orthodox variation, 7.Bxf6"]
[ECO "D55"]
[Time "16:00:21"]
[TimeControl "2700+45"]

1. d4 d5 2. c4 e6 3. Nc3 Nf6 4. Bg5 Be7 5. e3 O-O 6. Nf3 h6 7. Bxf6 Bxf6 8. b4
dxc4 9. Bxc4 a5 10. b5 c6 11. a4 Nd7 12. Qc2 c5 13. Ne4 cxd4 14. Nxf6+ Qxf6 15.
exd4 Nb6 16. Bb3 Nd5 17. O-O Nb4 18. Qe4 Rb8 19. Qe5 Qxe5 20. Nxe5 f6 21. Nc4
Rd8 22. Rad1 b6 23. Rfe1 Nd5 24. Ne3 Kf7 25. Nxd5 exd5 26. Rc1 Be6 27. Rc7+ Bd7
28. Bxd5+ Kg6 29. Be4+ f5 30. Bc6 Bxc6 31. Rxc6+ Kg5 32. Rd1 Rd5 33. f3 f4 34.
Kf2 Kf5 35. g4+ fxg3+ 36. hxg3 h5 37. Ke3 g5 38. Rh1 Re8+ 39. Kd3 Red8 40. Rxh5
Rxd4+ 41. Ke3 Rd3+ 42. Ke2 Rd2+ 43. Ke1 Rd1+ 44. Ke2 R8d2+ 45. Ke3 Rd3+ 46. Ke2
R1d2+ 47. Ke1 Rd1+ {Game drawn by mutual agreement} 1/2-1/2

[Event "Team 45 45 League T51"]
[Site "Internet Chess Club"]
[Date "2011.12.20"]
[Round "6"]
[White "Pacini"]
[Black "jjmolina"]
[Result "1-0"]
[WhiteElo "2079"]
[BlackElo "1798"]
[Opening "Scotch gambit: Dubois-Réti defense"]
[ECO "C55"]
[Time "17:09:02"]
[TimeControl "2700+45"]

1. e4 e5 2. Nf3 Nc6 3. d4 exd4 4. Bc4 Nf6 5. e5 Ng4 6. Qe2 Qe7 7. Bf4 d6 8. exd6
Qxe2+ 9. Bxe2 Bxd6 10. Bxd6 cxd6 11. Na3 Nge5 12. Nb5 Nxf3+ 13. Bxf3 Ke7 14.
O-O-O Be6 15. Rhe1 Rac8 16. Bxc6 bxc6 17. Nxd4 Kd7 18. Re3 Rhe8 19. Rde1 Rb8 20.
b3 Bd5 21. Rxe8 Rxe8 22. Rxe8 Kxe8 23. f3 Kd7 24. c4 Be6 25. Kd2 h6 26. h4 a6
27. Kc3 g6 28. Nc2 Kc7 29. Ne3 f5 30. g3 Kd7 31. Kb4 Kc7 32. c5 d5 33. Kc3 Bf7
34. Kd4 Kd7 35. Ke5 Be8 36. Nc2 Ke7 37. b4 h5 38. Nd4 Bd7 39. a3 Be8 40. Ne2 Bf7
41. Nf4 Be8 42. Nd3 Bd7 43. a4 Be8 44. a5 Kd7 45. Kf6 {Black resigns} 1-0

[Event "Team 45 45 League T51"]
[Site "Internet Chess Club"]
[Date "2011.12.17"]
[Round "6"]
[White "Reeza"]
[Black "smyslovVchess"]
[Result "1-0"]
[WhiteElo "1753"]
[BlackElo "1746"]
[Opening "Scotch game"]
[ECO "C45"]
[Time "20:48:25"]
[TimeControl "2700+45"]

1. e4 e5 2. Nf3 Nc6 3. d4 exd4 4. Nxd4 d6 5. Nxc6 bxc6 6. Bd3 Nf6 7. O-O Be7 8.
Re1 Nd7 9. Nd2 Ne5 10. Nc4 Nxd3 11. cxd3 Be6 12. Qa4 O-O 13. Qxc6 Bd7 14. Qa6 c6
15. Bf4 d5 16. Ne5 Rc8 17. Rac1 c5 18. exd5 Bf6 19. Qxa7 Bf5 20. d6 Bxe5 21.
Rxe5 Bxd3 22. Rexc5 Ra8 {Black resigns} 1-0

[Event "Team 45 45 League T51"]
[Site "Internet Chess Club"]
[Date "2011.12.17"]
[Round "6"]
[White "vigneshv"]
[Black "frank001"]
[Result "0-1"]
[WhiteElo "1576"]
[BlackElo "1738"]
[Opening "QGD: 3.Nc3"]
[ECO "D31"]
[Time "23:00:05"]
[TimeControl "2700+45"]

1. d4 d5 2. c4 e6 3. Nc3 f5 4. Nf3 c6 5. Bf4 Bd6 6. e3 Nf6 7. Bd3 Ne4 8. Qc2 O-O
9. Bxd6 Qxd6 10. c5 Qc7 11. Ne5 Nd7 12. Nxd7 Bxd7 13. a4 Be8 14. a5 a6 15. b4
Bh5 16. f3 Nf6 17. Qf2 Bg6 18. f4 Ne4 19. Bxe4 fxe4 20. Qg3 Qe7 21. O-O Rf6 22.
Qg5 Qf7 23. g4 Rf8 24. Ne2 Qc7 25. Qe5 Qd8 26. Qg5 Qd7 27. Qh4 Be8 28. g5 R6f7
29. Ng3 Qe7 30. Qg4 Bd7 31. Qh4 h6 32. Qh5 Be8 33. Qg4 hxg5 34. Qxg5 Rf6 35. f5
e5 36. dxe5 Qxe5 37. Qf4 Qc3 38. Ra4 Bd7 39. Qc7 Qxe3+ 40. Kh1 Rh6 41. Qf4 Qb3
42. Rfa1 Qb2 43. R1a2 Qb1+ 44. Kg2 Rhf6 45. Qc7 Bxf5 46. Qxb7 Bg4 47. h3 Bc8 48.
Qe7 Qe1 {White resigns} 0-1

[Event "Team 45 45 League T51"]
[Site "Internet Chess Club"]
[Date "2011.12.21"]
[Round "6"]
[White "Ptzz"]
[Black "HiddenDeath"]
[Result "0-1"]
[WhiteElo "2057"]
[BlackElo "2006"]
[Opening "QGD: exchange, positional line"]
[ECO "D35"]
[Time "13:16:02"]
[TimeControl "2700+45"]

1. d4 d5 2. c4 e6 3. Nc3 Nf6 4. cxd5 exd5 5. Bg5 Be7 6. e3 O-O 7. Qc2 Bg4 8. h3
Bh5 9. f4 h6 10. Bxf6 Bxf6 11. Bd3 Bh4+ 12. Kd2 Nc6 13. a3 Bg3 14. Nge2 Qh4 15.
Nxd5 Rad8 16. Ndc3 Rfe8 17. Ne4 Bxe2 18. Kxe2 Bxf4 19. g3 Bxg3 20. Rag1 Nxd4+
21. exd4 f5 22. Qb3+ Kh8 23. Bc2 Bf2 24. Rg2 Bxd4 25. Qf3 fxe4 26. Qg4 Qf6 27.
Rf1 Qa6+ 28. Ke1 Qa5+ 29. b4 Qxa3 30. Rf7 Qc1+ 31. Bd1 Bc3+ 32. Kf2 Qxd1 33. Kg3
Qxg4+ 34. hxg4 e3 35. Re2 Rd2 {White resigns} 0-1

[Event "Team 45 45 League T51"]
[Site "Internet Chess Club"]
[Date "2011.12.15"]
[Round "6"]
[White "Fezzik"]
[Black "Despair"]
[Result "1-0"]
[WhiteElo "2104"]
[BlackElo "1960"]
[Opening "Queen's pawn: Charlick (Englund) gambit"]
[ECO "A40"]
[Time "22:04:02"]
[TimeControl "2700+45"]

1. d4 e5 2. dxe5 Nc6 3. Nf3 Qe7 4. Nc3 Nxe5 5. e4 Nxf3+ 6. Qxf3 Qf6 7. Qg3 Bd6
8. f4 Bb4 9. Bd2 Ne7 10. O-O-O g6 11. f5 gxf5 12. exf5 Qd6 13. Bf4 Qc5 14. Ne4
Nxf5 15. Qg5 Qa5 16. Nf6+ Kf8 17. Bc4 d6 18. Rd5 h6 19. Qh5 {Black resigns} 1-0

[Event "Team 45 45 League T51"]
[Site "Internet Chess Club"]
[Date "2011.12.18"]
[Round "6"]
[White "ivanson"]
[Black "gerailen0075"]
[Result "1-0"]
[WhiteElo "1846"]
[BlackElo "1785"]
[Opening "Sicilian: Taimanov (Bastrikov) variation"]
[ECO "B47"]
[Time "18:01:09"]
[TimeControl "2700+45"]

1. e4 c5 2. Nf3 e6 3. d4 cxd4 4. Nxd4 Nc6 5. Nc3 Qc7 6. g3 Nf6 7. Bg2 a6 8. O-O
Bb4 9. Nce2 Ne5 10. c3 Be7 11. Bg5 d6 12. Re1 Bd7 13. Nf4 Ng6 14. Nd3 h6 15. Be3
Ne5 16. Nxe5 dxe5 17. Nb3 O-O-O 18. Qc2 Ng4 19. c4 Nxe3 20. Rxe3 Ba4 21. Qc3 Bg5
22. Rd3 Rxd3 23. Qxd3 Rd8 24. Qc3 Rd6 25. h4 Be7 26. Bf1 Qd7 27. Nc5 Rd4 {Black
resigns} 1-0

[Event "Team 45 45 League T51"]
[Site "Internet Chess Club"]
[Date "2011.12.16"]
[Round "6"]
[White "parpin"]
[Black "pishd"]
[Result "1-0"]
[WhiteElo "2136"]
[BlackElo "1624"]
[Opening "Caro-Kann: exchange variation"]
[ECO "B13"]
[Time "10:02:52"]
[TimeControl "2700+45"]

1. e4 c6 2. d4 d5 3. exd5 cxd5 4. Bd3 Nc6 5. c3 Qc7 6. Nf3 Bg4 7. h3 Bh5 8. O-O
e6 9. Be3 Bd6 10. Nbd2 Nf6 11. Qc2 O-O 12. Rfe1 Rfe8 13. Bg5 Bg6 14. h4 Bxd3 15.
Qxd3 Nd7 16. h5 f6 17. Bh4 Rac8 18. Nf1 Na5 19. Bg3 a6 20. Bxd6 Qxd6 21. Ne3 Nc4
22. Nxc4 Rxc4 23. Re2 Qf4 24. Nd2 Rc6 25. Qf3 Qxf3 26. Nxf3 b5 27. Kh2 Nb6 28.
g4 h6 29. Kg3 Nc4 30. Rae1 Kf7 31. Nh4 Nd6 32. f3 a5 33. Ng2 b4 34. cxb4 axb4
35. Nf4 Nb5 36. Nxd5 Nxd4 37. Rd2 Nxf3 38. Kxf3 exd5 39. Rxe8 Kxe8 40. Rxd5 Rc2
41. b3 Rxa2 42. Rb5 Ra1 43. Rxb4 f5 44. gxf5 Rf1+ 45. Ke4 Rd1 46. f6 gxf6 47.
Kf5 Rg1 48. Kxf6 Rg5 49. Ke6 Kd8 50. Kd6 Kc8 51. Rc4+ Kb7 52. Rc5 Rg4 53. Ke6
Rb4 54. Kf6 Rxb3 55. Kg6 Rb6+ 56. Kg7 Rd6 57. Rc4 Kb6 58. Rg4 Kc7 59. Rg6 Rd1
60. Kxh6 Kd8 61. Kg7 Ke8 62. h6 Rf1 63. Rf6 Rg1+ 64. Rg6 Rf1 65. h7 Rf7+ 66. Kg8
Rf8+ 67. Kg7 Rf7+ 68. Kh6 Rf8 69. Rg8 {Black resigns} 1-0

[Event "Team 45 45 League T51"]
[Site "Internet Chess Club"]
[Date "2011.12.17"]
[Round "6"]
[White "Chatica"]
[Black "jorobo"]
[Result "1/2-1/2"]
[WhiteElo "2223"]
[BlackElo "2021"]
[Opening "French: Winawer (Nimzovich) variation"]
[ECO "C15"]
[Time "23:11:59"]
[TimeControl "2700+45"]

1. d4 d5 2. e4 e6 3. Nc3 Bb4 4. Bd3 dxe4 5. Bxe4 Nf6 6. Bd3 Bd7 7. Nf3 Bc6 8.
O-O Nbd7 9. Bf4 a6 10. Qe2 O-O 11. Rad1 Qe7 12. Bg5 h6 13. Bh4 Qe8 14. Ne5 Nxe5
15. dxe5 Bxc3 16. exf6 Bxf6 17. Bxf6 gxf6 18. Qh5 Kg7 19. Rfe1 Rh8 20. Re3 Rd8
21. Qh4 Qe7 22. Rg3+ Kf8 23. Qg4 Qc5 24. Re1 Ke7 25. Qg7 Rdg8 26. Qxg8 Rxg8 27.
Rxg8 Qb4 28. Rb1 Qd2 29. Rc8 Kd7 30. Rf8 Ke7 31. Rc8 Qg5 32. Bf1 Qg6 33. Rd1
Qxc2 34. Rxc7+ Kf8 35. Rdd7 Qg6 {Game drawn by mutual agreement} 1/2-1/2

[Event "Team 45 45 League T51"]
[Site "Internet Chess Club"]
[Date "2011.12.19"]
[Round "6"]
[White "livis"]
[Black "alexping"]
[Result "0-1"]
[WhiteElo "1971"]
[BlackElo "1952"]
[Opening "French: Labourdonnais variation"]
[ECO "C00"]
[Time "11:00:16"]
[TimeControl "2700+45"]

1. e4 e6 2. f4 d5 3. e5 c5 4. Nf3 Nc6 5. Be2 Qb6 6. d3 Bd7 7. c3 Nh6 8. O-O Rc8
9. Na3 Be7 10. Nc2 d4 11. h3 Nf5 12. Kh2 f6 13. g4 Nh6 14. Na3 Qc7 15. Nb5 Qb6
16. a4 a6 17. exf6 gxf6 18. Na3 Na5 19. Nh4 Bd6 20. Kh1 Bc6+ 21. Ng2 f5 22. g5
Nf7 23. Bh5 Ke7 24. Bxf7 Kxf7 25. Qh5+ Ke7 26. Re1 Rcg8 27. Kg1 Be8 28. Qe2 Bf7
29. Nh4 Kd7 30. Nf3 h6 31. Bd2 hxg5 32. fxg5 Bg3 33. cxd4 Nb3 34. Nc4 Qc7 35. d5
Bxe1 36. Rxe1 Qg3+ 37. Kf1 Nxd2+ 38. Ncxd2 Rxh3 39. dxe6+ Kc8 40. Qe3 Rh1+ 41.
Ng1 Qxe3 42. Rxe3 Be8 43. Nf3 Bc6 44. Kf2 Kd8 45. Re5 Ke7 46. d4 cxd4 47. Nxd4
Rh2+ 48. Ke3 Rxg5 49. Nge2 Rh3+ 50. Kf4 Kf6 51. Rxf5+ Rxf5+ 52. Nxf5 Rf3+ 53.
Kg4 Rxf5 54. e7 Re5 {White resigns} 0-1